Patriotes vs Demolitions
Created - February 15, 2018 at 19:06
Goals
|
| Patriotes |
3 |
0 |
4 |
7 |
| Demolitions |
1 |
1 |
2 |
4 |
|
Shots
|
| Patriotes |
15 |
10 |
22 |
47 |
| Demolitions |
13 |
7 |
6 |
26 |
|
1st period
1. Demolitions , Erik Condra 31 (Andrew Campbell 12, Bobby Butler 28) at 3:26
2. Patriotes , Matt Calvert 13 (Christian Hanson 24) at 7:30
3. Patriotes , Matt Calvert 14 (David Kolomatis 19, Phil McRae 12) at 15:36
4. Patriotes , Phil McRae 11 (Vince Hinostroza 5) at 18:00
Penalties :
Evgeny Kuznetsov (Nyc) for Charging (Minor) at 4:54, Anthony Bitetto (Nyc) for Hooking (Minor) at 13:21
2nd period
5. Demolitions , Ryan Bayda 26 (Jack Skille 13, Mike Sauer 14) at 7:26
Penalties :
Tyler Randell (Nyc) for Cross-checking (Minor) at 0:03, Ryan Wilson (Nyc) for Hooking (Minor) at 13:04, Corban Knight (Vic) for Hooking (Minor) at 18:54
3rd period
6. Patriotes , Andrew Gordon 24 (Zenon Konopka 18, Aaron Ness 7) at 5:36
7. Patriotes , Fedor Fedorov 12 (Mark Stone 15, Alex Petrovic 10) at 10:03
8. Patriotes , Vince Hinostroza 7 (Phil McRae 13, Ryan Wilson 38) at 15:03
9. Demolitions , Nicolas Blanchard 15 (Bobby Butler 29) at 15:12
10. Patriotes , Mark Stone 9 (Fedor Fedorov 25) at 15:26
11. Demolitions , Erik Condra 32 (Andrew Campbell 13, Robert Bortuzzo 9) at 16:34 (PP)
Penalties :
Tyler Randell (Nyc) for Hooking (Minor) at 16:21, Ryan Wilson (Nyc) for Slashing (Minor) at 18:07
Goalie Stats
Marek Schwarz (Nyc), 22 saves from 26 shots - (0.846), W, 9-12-5, 60:00 minutes
Jussi Rynnas (Vic), 40 saves from 47 shots - (0.851), L, 0-1-0, 60:00 minutes
Players Stats for Patriotes
Player Name G A P +/- PIM S H SB GA TA FO MP PP MP PK MP
------------------------------------------------------------------------------------
Aaron Ness 0 1 1 1 0 5 1 0 0 0 0/0 15:07 0:00 3:15
Alex Petrovic 0 1 1 0 0 2 0 0 0 0 0/0 11:45 0:00 0:09
Andrew Gordon 1 0 1 0 0 3 1 0 0 0 5/6 15:57 1:16 5:05
Anthony Bitetto 0 0 0 2 2 2 2 0 0 0 0/0 20:20 0:54 3:00
Austin Watson 0 0 0 0 0 0 0 0 0 0 0/0 1:21 0:00 0:40
Christian Hanson 0 1 1 1 0 1 2 0 0 0 6/15 19:05 1:16 5:03
David Kolomatis 0 1 1 2 0 3 0 2 1 1 0/0 21:42 0:54 4:21
Emerson Etem 0 0 0 2 0 1 1 0 0 1 0/0 8:34 0:00 0:00
Evgeny Kuznetsov 0 0 0 0 2 3 0 1 0 1 14/35 17:12 0:00 0:13
Fedor Fedorov 1 1 2 0 0 7 5 1 0 0 0/1 22:00 1:16 4:13
Jared Knight 0 0 0 0 0 0 0 0 0 0 0/0 0:00 0:00 0:00
Justin Florek 0 0 0 0 0 0 1 0 0 0 0/0 9:24 0:00 0:00
Mark Stone 1 1 2 0 0 3 1 1 0 0 3/3 16:19 0:00 0:00
Matt Calvert 2 0 2 2 0 6 4 0 1 0 0/0 16:17 0:43 2:44
Phil McRae 1 2 3 3 0 3 2 0 1 1 1/2 11:23 0:00 2:04
Riley Barber 0 0 0 0 0 0 0 0 0 0 0/0 0:00 0:00 0:00
Robert Baillargeon 0 0 0 0 0 0 0 0 0 0 0/0 0:00 0:00 0:00
Ryan Wilson 0 1 1 2 4 5 2 3 0 0 0/0 24:25 1:05 3:25
Scott Glennie 0 0 0 0 0 0 0 0 0 0 0/0 0:00 0:00 0:00
Timothy Kunes 0 0 0 2 0 1 0 3 0 0 0/0 26:54 1:05 5:52
Tyler Randell 0 0 0 1 4 0 1 0 0 0 1/1 13:27 0:43 0:00
Vince Hinostroza 1 1 2 2 0 1 0 0 0 0 0/0 8:34 0:00 0:00
Zenon Konopka 0 1 1 0 0 1 0 0 0 1 2/3 10:07 0:43 0:00
Players Stats for Demolitions
Player Name G A P +/- PIM S H SB GA TA FO MP PP MP PK MP
------------------------------------------------------------------------------------
Aaron Palushaj 0 0 0 -1 0 0 0 0 1 0 0/1 10:11 0:00 0:00
Andrej Nestrasil 0 0 0 -2 0 0 0 0 0 0 2/3 6:44 0:00 0:00
Andrew Campbell 0 2 2 -2 0 1 2 4 1 0 0/0 34:03 5:33 1:40
Billy Sweat 0 0 0 0 0 0 1 0 0 0 0/0 4:07 2:50 0:00
Bobby Butler 0 2 2 0 0 4 3 1 2 0 1/3 25:23 5:35 1:26
Brandon McMillan 0 0 0 -1 0 0 0 0 1 0 3/3 10:11 0:00 0:00
Colton Sceviour 0 0 0 0 0 0 0 0 0 0 0/0 0:00 0:00 0:00
Corban Knight 0 0 0 0 2 0 5 1 0 0 4/9 17:59 4:09 0:00
Derek Forbort 0 0 0 0 0 0 0 0 0 0 0/0 0:10 0:00 0:00
Erik Condra 2 0 2 -1 0 3 2 1 0 0 2/4 23:59 5:26 0:19
Frazer Mclaren 0 0 0 -1 0 0 2 0 0 1 1/2 10:11 0:00 0:00
Jack Skille 0 1 1 0 0 1 1 1 0 0 0/0 16:36 4:29 0:19
Josh Beaulieu 0 0 0 -1 0 0 1 0 0 0 0/0 3:18 2:06 0:14
Mike Sauer 0 1 1 -2 0 0 2 3 0 0 0/0 31:12 4:25 1:40
Mikko Lehtonen 0 0 0 -2 0 0 0 2 0 0 0/0 7:40 0:03 0:00
Nicolas Blanchard 1 0 1 -1 0 8 6 1 0 0 20/39 23:26 5:25 0:00
Robert Bortuzzo 0 1 1 -1 0 5 2 3 0 0 0/0 25:54 5:28 0:19
Ryan Bayda 1 0 1 0 0 1 0 0 0 0 1/2 13:01 0:00 1:26
Ryan Russell 0 0 0 -2 0 2 1 0 0 0 0/0 6:41 0:00 0:00
Seth Helgeson 0 0 0 -3 0 1 4 1 0 2 0/0 25:06 4:36 0:19
Thomas DiPauli 0 0 0 0 0 0 0 0 0 0 0/0 2:08 0:00 0:14
3 Stars
1 - Matt Calvert (Nyc)
2 - Phil McRae (Nyc)
3 - Fedor Fedorov (Nyc)
Power Play
Patriotes - 0 on 1 Attempt(s) - 0.00%
Demolitions - 1 on 6 Attempt(s) - 16.67%
Penalty Kill
Patriotes - 5 on 6 Attempt(s) - 83.33%
- Score 0 goal in Penalty Kill
Demolitions - 1 on 1 Attempt(s) - 100.00%
- Score 0 goal in Penalty Kill
Team Stat
Patriotes - Hits : 23 - Faceoff Wins : 32 - Blocked Shots : 11 - Penalty Minutes : 12
Demolitions - Hits : 32 - Faceoff Wins : 34 - Blocked Shots : 18 - Penalty Minutes : 2
Official
Referees : Sutherland Kelly and McCreary Bill
Linesman : Lonnie Cameron and Dan Schachte
Game Notes
Derek Forbort is injured at 2:14 of 1st period (Right Foot)
Finance
Level 1 -- Attendance: 1324 (66.20%) -- Ticket Income $46,340
Level 2 -- Attendance: 707 (70.70%) -- Ticket Income $10,605
Total Attendance: 2031 (67.70%)
Total Ticket Income: $56,945
Other Income: $2,847
Total Income: $59,792
Patriotes
5 vs 5 Forward
Center Left Wing Right Wing Time % Phy DF OF
1 Evgeny Kuznetsov Fedor Fedorov Mark Stone 40 1 2 2
2 Christian Hanson Matt Calvert Tyler Randell 30 1 2 2
3 Zenon Konopka Justin Florek Andrew Gordon 20 1 2 2
4 Phil McRae Vince Hinostroza Emerson Etem 10 1 2 2
5 vs 5 Defense
Defense Defense Time % Phy DF OF
1 Ryan Wilson Timothy Kunes 40 1 2 2
2 Anthony Bitetto David Kolomatis 30 1 2 2
3 Alex Petrovic Aaron Ness 20 1 2 2
4 Ryan Wilson Timothy Kunes 10 1 2 2
PowerPlay Forward
Center Left Wing Right Wing Time % Phy DF OF
1 Christian Hanson Fedor Fedorov Andrew Gordon 60 1 2 2
2 Zenon Konopka Matt Calvert Tyler Randell 40 1 2 2
PowerPlay Defense
Defense Defense Time % Phy DF OF
1 Ryan Wilson Timothy Kunes 60 1 2 2
2 Anthony Bitetto David Kolomatis 40 1 2 2
Penalty Kill 4 Players Forward
Center Wing Time % Phy DF OF
1 Andrew Gordon Christian Hanson 60 1 2 2
2 Fedor Fedorov Matt Calvert 40 1 2 2
Penalty Kill 4 Players Defense
Defense Defense Time % Phy DF OF
1 Ryan Wilson Timothy Kunes 60 1 2 2
2 Anthony Bitetto David Kolomatis 40 1 2 2
Penalty Kill - 3 Players Forward
Forward Time % Phy DF OF
1 Andrew Gordon 60 1 2 2
2 Christian Hanson 40 1 2 2
Penalty Kill - 3 Players Defense
Defense Defense Time % Phy DF OF
1 Ryan Wilson Timothy Kunes 60 1 2 2
2 Anthony Bitetto David Kolomatis 40 1 2 2
4 vs 4 Forward
Center Wing Time % Phy DF OF
1 Andrew Gordon Christian Hanson 60 1 2 2
2 Fedor Fedorov Matt Calvert 40 1 2 2
4 vs 4 Defense
Defense Defense Time % Phy DF OF
1 Ryan Wilson Timothy Kunes 60 1 2 2
2 Anthony Bitetto David Kolomatis 40 1 2 2
Last Minutes Offensive
Center Left Wing Right Wing Defense Defense
Christian Hanson Fedor Fedorov Andrew Gordon Ryan Wilson Timothy Kunes
Last Minutes Defensive
Center Left Wing Right Wing Defense Defense
Christian Hanson Fedor Fedorov Andrew Gordon Ryan Wilson Timothy Kunes
Goaltenders
Starting : Marek Schwarz
Backup : Andrei Vasilevskiy
Extra Forwards
Normal : Mark Stone, Evgeny Kuznetsov, Phil McRae - PP : Mark Stone, Evgeny Kuznetsov - PK : Phil McRae
Extra Defensemen
Normal : Alex Petrovic, Aaron Ness, Anthony Bitetto - PP : Alex Petrovic - PK : Aaron Ness, Anthony Bitetto
Penalty Shots
Andrew Gordon, Christian Hanson, Fedor Fedorov, Matt Calvert, Zenon Konopka
Scratches
Robbie Russo (Broken Nose Injury), Phoenix Copley (Healthy)
Demolitions
5 vs 5 Forward
Center Left Wing Right Wing Time % Phy DF OF
1 Nicolas Blanchard Bobby Butler Erik Condra 60 0 0 5
2 Corban Knight Ryan Bayda Jack Skille 24 0 0 5
3 Brandon McMillan Frazer Mclaren Aaron Palushaj 12 0 0 5
4 Andrej Nestrasil Ryan Russell Mikko Lehtonen 4 0 0 5
5 vs 5 Defense
Defense Defense Time % Phy DF OF
1 Andrew Campbell Mike Sauer 58 0 0 5
2 Seth Helgeson Robert Bortuzzo 25 0 0 5
3 Derek Forbort Andrew Campbell 12 0 0 5
4 Andrew Campbell Seth Helgeson 5 0 0 5
PowerPlay Forward
Center Left Wing Right Wing Time % Phy DF OF
1 Nicolas Blanchard Bobby Butler Erik Condra 70 0 0 5
2 Corban Knight Bobby Butler Jack Skille 30 0 0 5
PowerPlay Defense
Defense Defense Time % Phy DF OF
1 Andrew Campbell Derek Forbort 70 0 0 5
2 Mike Sauer Seth Helgeson 30 0 0 5
Penalty Kill 4 Players Forward
Center Wing Time % Phy DF OF
1 Ryan Bayda Bobby Butler 60 1 2 2
2 Erik Condra Jack Skille 40 1 2 2
Penalty Kill 4 Players Defense
Defense Defense Time % Phy DF OF
1 Andrew Campbell Mike Sauer 60 1 2 2
2 Robert Bortuzzo Seth Helgeson 40 1 2 2
Penalty Kill - 3 Players Forward
Forward Time % Phy DF OF
1 Ryan Bayda 60 1 2 2
2 Bobby Butler 40 1 2 2
Penalty Kill - 3 Players Defense
Defense Defense Time % Phy DF OF
1 Andrew Campbell Mike Sauer 60 1 2 2
2 Seth Helgeson Robert Bortuzzo 40 1 2 2
4 vs 4 Forward
Center Wing Time % Phy DF OF
1 Ryan Bayda Bobby Butler 60 1 2 2
2 Erik Condra Jack Skille 40 1 2 2
4 vs 4 Defense
Defense Defense Time % Phy DF OF
1 Andrew Campbell Seth Helgeson 60 1 2 2
2 Mike Sauer Andrew Campbell 40 1 2 2
Last Minutes Offensive
Center Left Wing Right Wing Defense Defense
Nicolas Blanchard Ryan Bayda Erik Condra Andrew Campbell Seth Helgeson
Last Minutes Defensive
Center Left Wing Right Wing Defense Defense
Nicolas Blanchard Ryan Bayda Erik Condra Andrew Campbell Derek Forbort
Goaltenders
Starting : Jussi Rynnas
Backup : Joe Cannata
Extra Forwards
Normal : Billy Sweat, Josh Beaulieu, Bobby Butler - PP : Billy Sweat, Josh Beaulieu - PK : Bobby Butler
Extra Defensemen
Normal : Robert Bortuzzo, Andrew Campbell, Mike Sauer - PP : Robert Bortuzzo - PK : Mike Sauer, Seth Helgeson
Penalty Shots
Ryan Bayda, Bobby Butler, Erik Condra, Jack Skille, Mikko Lehtonen
Scratches
Alex Hutchings (Healthy), Ryan Olsen (Healthy), Taylor Aronson (Healthy), Taylor Leier (Healthy), Mitchell Moroz (Healthy)
Nick Pryor (Healthy), Olivier Roy (Exhaustion), Jake Paterson (Healthy)
% Time on Ice - Patriotes
Lines # - Real PCT - Wanted PCT - Time Play
Normal Forward
1 - 36% - 40% - 17:12
2 - 27% - 30% - 12:50
3 - 20% - 20% - 9:24
4 - 18% - 10% - 8:34
Normal Defense
1 - 38% - 40% - 18:24
2 - 34% - 30% - 16:27
3 - 24% - 20% - 11:36
4 - 3% - 10% - 1:33
PP Forward
1 - 64% - 60% - 1:16
2 - 36% - 40% - 0:43
PP Defense
1 - 55% - 60% - 1:05
2 - 45% - 40% - 0:54
PK Forward
1 - 73% - 60% - 7:17
2 - 27% - 40% - 2:44
PK Defense
1 - 59% - 60% - 5:52
2 - 41% - 40% - 4:09
PK3 Forward
1 - 0% - 60%
2 - 0% - 40%
PK3 Defense
1 - 0% - 60%
2 - 0% - 40%
44 Forward
1 - 0% - 60%
2 - 0% - 40%
44 Defense
1 - 0% - 60%
2 - 0% - 40%
Last Minute Offensive - 0:00
Last Minute Defensive - 0:00
Total
Forward - 60:00
Defense - 60:00
|
% Time on Ice - Demolitions
Lines # - Real PCT - Wanted PCT - Time Play
Normal Forward
1 - 40% - 60% - 19:20
2 - 25% - 24% - 11:48
3 - 21% - 12% - 10:11
4 - 14% - 4% - 6:41
Normal Defense
1 - 47% - 58% - 22:41
2 - 28% - 25% - 13:26
3 - 25% - 12% - 11:53
4 - 0% - 5% - 0:00
PP Forward
1 - 59% - 70% - 5:55
2 - 41% - 30% - 4:06
PP Defense
1 - 71% - 70% - 7:08
2 - 29% - 30% - 2:53
PK Forward
1 - 84% - 60% - 1:40
2 - 16% - 40% - 0:19
PK Defense
1 - 84% - 60% - 1:40
2 - 16% - 40% - 0:19
PK3 Forward
1 - 0% - 60%
2 - 0% - 40%
PK3 Defense
1 - 0% - 60%
2 - 0% - 40%
44 Forward
1 - 0% - 60%
2 - 0% - 40%
44 Defense
1 - 0% - 60%
2 - 0% - 40%
Last Minute Offensive - 0:00
Last Minute Defensive - 0:00
Total
Forward - 60:00
Defense - 60:00
|
Play by Play
1st period
0:01 of 1st period - Evgeny Kuznetsov wins face-off versus Nicolas Blanchard in neutral zone.
0:13 of 1st period - Fedor Fedorov is hit by Bobby Butler and loses puck.
1:51 of 1st period - Matt Calvert is hit by Corban Knight and loses puck.
2:13 of 1st period - Derek Forbort is hit by Justin Florek and loses puck.
2:14 of 1st period - Derek Forbort from Demolitions is injured at 2:14 of 1st period (Right Foot).
2:15 of 1st period - Nicolas Blanchard wins face-off versus Evgeny Kuznetsov in Demolitions zone.
2:15 of 1st period - Nicolas Blanchard is hit by Fedor Fedorov.
2:47 of 1st period - Slapshot by Andrew Gordon.
2:47 of 1st period - Shot Blocked by Andrew Campbell.
3:12 of 1st period - Wrist shot by Matt Calvert.
3:12 of 1st period - Stopped by Jussi Rynnas with a rebound.
3:14 of 1st period - Slapshot by Anthony Bitetto.
3:14 of 1st period - Deflect By Matt Calvert.
3:14 of 1st period - Shot Misses the Net.
3:14 of 1st period - Puck is out of play.
3:15 of 1st period - Nicolas Blanchard wins face-off versus Evgeny Kuznetsov in Demolitions zone.
3:20 of 1st period - Slapshot by Nicolas Blanchard.
3:20 of 1st period - Deflect By Bobby Butler.
3:20 of 1st period - Stopped by Marek Schwarz with a rebound.
3:22 of 1st period - Slapshot by Andrew Campbell.
3:22 of 1st period - Stopped by Marek Schwarz with a rebound.
3:24 of 1st period - Slapshot by Andrew Campbell.
3:24 of 1st period - Shot Blocked by Ryan Wilson.
3:26 of 1st period - Snap shot by Erik Condra.
3:26 of 1st period - Goal by Erik Condra - Patriotes : 0 - Demolitions : 1.
3:27 of 1st period - Mark Stone wins face-off versus Nicolas Blanchard in neutral zone.
3:38 of 1st period - Wrist shot by Nicolas Blanchard.
3:38 of 1st period - Shot Misses the Net.
4:17 of 1st period - Zenon Konopka is hit by Seth Helgeson and loses puck.
4:40 of 1st period - Wrist shot by Erik Condra.
4:40 of 1st period - Shot Blocked by David Kolomatis.
4:42 of 1st period - Slapshot by Seth Helgeson.
4:42 of 1st period - Stopped by Marek Schwarz without a rebound.
4:43 of 1st period - Evgeny Kuznetsov wins face-off versus Erik Condra in Patriotes zone.
4:43 of 1st period - Evgeny Kuznetsov is hit by Erik Condra.
4:49 of 1st period - Slapshot by Bobby Butler.
4:49 of 1st period - Shot Blocked by Fedor Fedorov.
4:54 of 1st period - Minor Penalty to Evgeny Kuznetsov for Charging.
4:55 of 1st period - Andrew Gordon wins face-off versus Nicolas Blanchard in Patriotes zone.
5:09 of 1st period - Wrist shot by Bobby Butler.
5:09 of 1st period - Shot Misses the Net.
5:29 of 1st period - Snap shot by Fedor Fedorov.
5:29 of 1st period - Shot Hit the Post.
5:45 of 1st period - Anthony Bitetto is hit by Nicolas Blanchard and loses puck.
6:18 of 1st period - Billy Sweat is hit by Ryan Wilson and loses puck.
6:54 of 1st period - Penalty to Evgeny Kuznetsov is over, Evgeny Kuznetsov is back on ice.
7:08 of 1st period - Snap shot by Evgeny Kuznetsov.
7:08 of 1st period - Shot Blocked by Mikko Lehtonen.
7:10 of 1st period - Snap shot by Alex Petrovic.
7:10 of 1st period - Stopped by Jussi Rynnas with a rebound.
7:16 of 1st period - Alex Petrovic is hit by Seth Helgeson and loses puck.
7:22 of 1st period - Off-side.
7:23 of 1st period - Christian Hanson wins face-off versus Frazer Mclaren in neutral zone.
7:30 of 1st period - Snap shot by Matt Calvert.
7:30 of 1st period - Goal by Matt Calvert - Patriotes : 1 - Demolitions : 1.
7:31 of 1st period - Nicolas Blanchard wins face-off versus Christian Hanson in neutral zone.
7:34 of 1st period - Slapshot by Andrew Campbell.
7:34 of 1st period - Deflect By Nicolas Blanchard.
7:34 of 1st period - Stopped by Marek Schwarz with a rebound.
7:40 of 1st period - Wrist shot by Christian Hanson.
7:40 of 1st period - Shot Misses the Net.
7:42 of 1st period - Backhand shot by Timothy Kunes.
7:42 of 1st period - Shot Misses the Net.
7:44 of 1st period - Snap shot by Timothy Kunes.
7:44 of 1st period - Stopped by Jussi Rynnas without a rebound.
7:45 of 1st period - Nicolas Blanchard wins face-off versus Evgeny Kuznetsov in Demolitions zone.
7:50 of 1st period - Snap shot by Erik Condra.
7:50 of 1st period - Shot Misses the Net.
8:14 of 1st period - Snap shot by Matt Calvert.
8:14 of 1st period - Shot Blocked by Mike Sauer.
9:19 of 1st period - Snap shot by Ryan Wilson.
9:19 of 1st period - Deflect By Jack Skille.
9:19 of 1st period - Stopped by Jussi Rynnas with a rebound.
9:25 of 1st period - Vince Hinostroza is hit by Jack Skille and loses puck.
9:40 of 1st period - Slapshot by Ryan Russell.
9:40 of 1st period - Stopped by Marek Schwarz without a rebound.
9:41 of 1st period - Nicolas Blanchard wins face-off versus Christian Hanson in Patriotes zone.
9:42 of 1st period - Slapshot by Erik Condra.
9:42 of 1st period - Shot Blocked by Ryan Wilson.
9:44 of 1st period - Slapshot by Mike Sauer.
9:44 of 1st period - Shot Misses the Net.
10:06 of 1st period - Mark Stone is hit by Andrew Campbell and loses puck.
10:15 of 1st period - Slapshot by Ryan Wilson.
10:15 of 1st period - Shot Blocked by Jack Skille.
10:25 of 1st period - Wrist shot by Brandon McMillan.
10:25 of 1st period - Deflect By Frazer Mclaren.
10:25 of 1st period - Shot Misses the Net.
10:25 of 1st period - Puck is out of play.
10:26 of 1st period - Zenon Konopka wins face-off versus Aaron Palushaj in Patriotes zone.
10:26 of 1st period - Zenon Konopka is hit by Robert Bortuzzo.
11:21 of 1st period - Snap shot by Nicolas Blanchard.
11:21 of 1st period - Stopped by Marek Schwarz with a rebound.
11:23 of 1st period - Wrist shot by Nicolas Blanchard.
11:23 of 1st period - Shot Misses the Net.
11:33 of 1st period - Corban Knight is hit by Phil McRae and loses puck.
11:40 of 1st period - Ryan Wilson is hit by Corban Knight and loses puck.
11:55 of 1st period - Mike Sauer is hit by Andrew Gordon and loses puck.
12:02 of 1st period - Slapshot by Ryan Wilson.
12:02 of 1st period - Stopped by Jussi Rynnas without a rebound.
12:03 of 1st period - Nicolas Blanchard wins face-off versus Evgeny Kuznetsov in Demolitions zone.
12:19 of 1st period - Snap shot by Fedor Fedorov.
12:19 of 1st period - Shot Misses the Net.
12:31 of 1st period - Snap shot by Matt Calvert.
12:31 of 1st period - Stopped by Jussi Rynnas with a rebound.
12:33 of 1st period - Wrist shot by Matt Calvert.
12:33 of 1st period - Shot Misses the Net.
12:35 of 1st period - Snap shot by Christian Hanson.
12:35 of 1st period - Shot Blocked by Corban Knight.
12:37 of 1st period - Wrist shot by Aaron Ness.
12:37 of 1st period - Stopped by Jussi Rynnas with a rebound.
12:39 of 1st period - Snap shot by Christian Hanson.
12:39 of 1st period - Stopped by Jussi Rynnas with a rebound.
12:41 of 1st period - Slapshot by Alex Petrovic.
12:41 of 1st period - Shot Misses the Net.
12:51 of 1st period - Corban Knight is hit by Emerson Etem and loses puck.
12:58 of 1st period - Snap shot by Phil McRae.
12:58 of 1st period - Stopped by Jussi Rynnas without a rebound.
12:59 of 1st period - Nicolas Blanchard wins face-off versus Fedor Fedorov in Demolitions zone.
12:59 of 1st period - Nicolas Blanchard is hit by Fedor Fedorov.
13:21 of 1st period - Minor Penalty to Anthony Bitetto for Hooking.
13:22 of 1st period - Andrew Gordon wins face-off versus Nicolas Blanchard in Patriotes zone.
13:44 of 1st period - Christian Hanson is hit by Nicolas Blanchard and loses puck.
14:20 of 1st period - Timothy Kunes is hit by Erik Condra and loses puck.
14:58 of 1st period - Phil McRae is hit by Josh Beaulieu and loses puck.
15:21 of 1st period - Penalty to Anthony Bitetto is over, Anthony Bitetto is back on ice.
15:30 of 1st period - Snap shot by Phil McRae.
15:30 of 1st period - Shot Misses the Net.
15:32 of 1st period - Snap shot by Matt Calvert.
15:32 of 1st period - Shot Misses the Net.
15:36 of 1st period - Slapshot by Matt Calvert.
15:36 of 1st period - Goal by Matt Calvert - Patriotes : 2 - Demolitions : 1.
15:37 of 1st period - Brandon McMillan wins face-off versus Evgeny Kuznetsov in neutral zone.
15:40 of 1st period - Ryan Wilson is hit by Frazer Mclaren.
16:10 of 1st period - Slapshot by Andrew Gordon.
16:10 of 1st period - Stopped by Jussi Rynnas without a rebound.
16:11 of 1st period - Nicolas Blanchard wins face-off versus Evgeny Kuznetsov in Demolitions zone.
16:16 of 1st period - Erik Condra is hit by Fedor Fedorov and loses puck.
16:27 of 1st period - Icing by Timothy Kunes.
16:28 of 1st period - Evgeny Kuznetsov wins face-off versus Nicolas Blanchard in Patriotes zone.
16:28 of 1st period - Evgeny Kuznetsov is hit by Mike Sauer.
16:46 of 1st period - Snap shot by Fedor Fedorov.
16:46 of 1st period - Deflect By Evgeny Kuznetsov.
16:46 of 1st period - Shot Blocked by Andrew Campbell.
16:46 of 1st period - Puck is out of play.
16:47 of 1st period - Corban Knight wins face-off versus Christian Hanson in Demolitions zone.
17:18 of 1st period - Snap shot by Fedor Fedorov.
17:18 of 1st period - Shot Blocked by Andrew Campbell.
17:20 of 1st period - Slapshot by Fedor Fedorov.
17:20 of 1st period - Stopped by Jussi Rynnas with a rebound.
17:22 of 1st period - Snap shot by Mark Stone.
17:22 of 1st period - Shot Misses the Net.
17:24 of 1st period - Slapshot by Aaron Ness.
17:24 of 1st period - Deflect By Andrew Campbell.
17:24 of 1st period - Stopped by Jussi Rynnas with a rebound.
17:26 of 1st period - Wrist shot by Fedor Fedorov.
17:26 of 1st period - Shot Blocked by Andrew Campbell.
17:38 of 1st period - Timothy Kunes is hit by Frazer Mclaren and loses puck.
18:00 of 1st period - Snap shot by Phil McRae.
18:00 of 1st period - Goal by Phil McRae - Patriotes : 3 - Demolitions : 1.
18:01 of 1st period - Nicolas Blanchard wins face-off versus Christian Hanson in neutral zone.
18:26 of 1st period - Seth Helgeson is hit by Fedor Fedorov and loses puck.
19:13 of 1st period - Snap shot by Erik Condra.
19:13 of 1st period - Stopped by Marek Schwarz without a rebound.
19:14 of 1st period - Mark Stone wins face-off versus Nicolas Blanchard in Patriotes zone.
19:34 of 1st period - Wrist shot by Bobby Butler.
19:34 of 1st period - Shot Misses the Net.
19:36 of 1st period - Wrist shot by Erik Condra.
19:36 of 1st period - Shot Blocked by Ryan Wilson.
19:38 of 1st period - Slapshot by Robert Bortuzzo.
19:38 of 1st period - Stopped by Marek Schwarz with a rebound.
19:40 of 1st period - Slapshot by Nicolas Blanchard.
19:40 of 1st period - Stopped by Marek Schwarz with a rebound.
19:42 of 1st period - Backhand shot by Nicolas Blanchard.
19:42 of 1st period - Stopped by Marek Schwarz with a rebound.
19:44 of 1st period - Snap shot by Nicolas Blanchard.
19:44 of 1st period - Shot Misses the Net.
19:46 of 1st period - Slapshot by Robert Bortuzzo.
19:46 of 1st period - Stopped by Marek Schwarz with a rebound.
19:54 of 1st period - Backhand shot by Nicolas Blanchard.
19:54 of 1st period - Stopped by Marek Schwarz with a rebound.
19:56 of 1st period - Slapshot by Seth Helgeson.
19:56 of 1st period - Deflect By Bobby Butler.
19:56 of 1st period - Shot Blocked by Mark Stone.
19:56 of 1st period - Puck is out of play.
19:57 of 1st period - Corban Knight wins face-off versus Christian Hanson in Patriotes zone.
Goals for this period are 3 for Patriotes vs 1 for Demolitions.
Shots for this period are 15 for Patriotes vs 13 for Demolitions.
2nd period
0:01 of 2nd period - Christian Hanson wins face-off versus Nicolas Blanchard in neutral zone.
0:03 of 2nd period - Minor Penalty to Tyler Randell for Cross-checking.
0:04 of 2nd period - Andrew Gordon wins face-off versus Nicolas Blanchard in Patriotes zone.
0:20 of 2nd period - Christian Hanson is hit by Bobby Butler and loses puck.
0:57 of 2nd period - Mike Sauer is hit by Matt Calvert and loses puck.
1:20 of 2nd period - Andrew Campbell is hit by Matt Calvert and loses puck.
1:31 of 2nd period - Phil McRae is hit by Corban Knight and loses puck.
1:56 of 2nd period - Snap shot by Evgeny Kuznetsov.
1:56 of 2nd period - Stopped by Jussi Rynnas with a rebound.
2:03 of 2nd period - Penalty to Tyler Randell is over, Tyler Randell is back on ice.
4:06 of 2nd period - Anthony Bitetto is hit by Corban Knight and loses puck.
5:06 of 2nd period - Wrist shot by Brandon McMillan.
5:06 of 2nd period - Shot Blocked by Timothy Kunes.
5:08 of 2nd period - Snap shot by Aaron Palushaj.
5:08 of 2nd period - Shot Misses the Net.
5:10 of 2nd period - Slapshot by Robert Bortuzzo.
5:10 of 2nd period - Shot Blocked by Timothy Kunes.
5:20 of 2nd period - Timothy Kunes is hit by Billy Sweat and loses puck.
5:47 of 2nd period - Erik Condra is hit by Christian Hanson and loses puck.
5:56 of 2nd period - Snap shot by Matt Calvert.
5:56 of 2nd period - Deflect By Christian Hanson.
5:56 of 2nd period - Shot Blocked by Nicolas Blanchard.
5:56 of 2nd period - Puck is out of play.
5:57 of 2nd period - Brandon McMillan wins face-off versus Evgeny Kuznetsov in Demolitions zone.
6:04 of 2nd period - Wrist shot by Aaron Palushaj.
6:04 of 2nd period - Shot Misses the Net.
6:06 of 2nd period - Slapshot by Robert Bortuzzo.
6:06 of 2nd period - Stopped by Marek Schwarz with a rebound.
6:08 of 2nd period - Slapshot by Seth Helgeson.
6:08 of 2nd period - Shot Misses the Net.
6:26 of 2nd period - Snap shot by Erik Condra.
6:26 of 2nd period - Shot Misses the Net.
6:46 of 2nd period - Snap shot by Matt Calvert.
6:46 of 2nd period - Shot Misses the Net.
6:48 of 2nd period - Snap shot by David Kolomatis.
6:48 of 2nd period - Stopped by Jussi Rynnas with a rebound.
7:24 of 2nd period - Snap shot by Jack Skille.
7:24 of 2nd period - Stopped by Marek Schwarz with a rebound.
7:26 of 2nd period - Wrist shot by Ryan Bayda.
7:26 of 2nd period - Goal by Ryan Bayda - Patriotes : 3 - Demolitions : 2.
7:27 of 2nd period - Nicolas Blanchard wins face-off versus Evgeny Kuznetsov in neutral zone.
8:05 of 2nd period - Wrist shot by Jack Skille.
8:05 of 2nd period - Shot Misses the Net.
8:43 of 2nd period - Snap shot by Justin Florek.
8:43 of 2nd period - Shot Misses the Net.
8:45 of 2nd period - Backhand shot by Alex Petrovic.
8:45 of 2nd period - Stopped by Jussi Rynnas without a rebound.
8:46 of 2nd period - Evgeny Kuznetsov wins face-off versus Nicolas Blanchard in Demolitions zone.
8:53 of 2nd period - Ryan Wilson is hit by Nicolas Blanchard.
8:59 of 2nd period - Slapshot by Timothy Kunes.
8:59 of 2nd period - Shot Blocked by Erik Condra.
9:01 of 2nd period - Wrist shot by Evgeny Kuznetsov.
9:01 of 2nd period - Shot Blocked by Robert Bortuzzo.
9:18 of 2nd period - Wrist shot by Christian Hanson.
9:18 of 2nd period - Shot Hit the Post.
9:20 of 2nd period - Snap shot by Christian Hanson.
9:20 of 2nd period - Shot Blocked by Robert Bortuzzo.
9:32 of 2nd period - Wrist shot by Timothy Kunes.
9:32 of 2nd period - Deflect By Phil McRae.
9:32 of 2nd period - Stopped by Jussi Rynnas with a rebound.
11:10 of 2nd period - Andrew Gordon is hit by Nicolas Blanchard and loses puck.
11:17 of 2nd period - Slapshot by Bobby Butler.
11:17 of 2nd period - Stopped by Marek Schwarz without a rebound.
11:18 of 2nd period - Evgeny Kuznetsov wins face-off versus Nicolas Blanchard in Patriotes zone.
11:25 of 2nd period - Wrist shot by Mark Stone.
11:25 of 2nd period - Stopped by Jussi Rynnas with a rebound.
11:27 of 2nd period - Snap shot by Evgeny Kuznetsov.
11:27 of 2nd period - Shot Misses the Net.
11:29 of 2nd period - Snap shot by Ryan Wilson.
11:29 of 2nd period - Stopped by Jussi Rynnas without a rebound.
11:30 of 2nd period - Evgeny Kuznetsov wins face-off versus Nicolas Blanchard in Demolitions zone.
11:37 of 2nd period - Snap shot by Fedor Fedorov.
11:37 of 2nd period - Stopped by Jussi Rynnas without a rebound.
11:38 of 2nd period - Nicolas Blanchard wins face-off versus Evgeny Kuznetsov in Demolitions zone.
11:38 of 2nd period - Nicolas Blanchard is hit by Fedor Fedorov.
12:06 of 2nd period - Snap shot by Nicolas Blanchard.
12:06 of 2nd period - Stopped by Marek Schwarz with a rebound.
12:12 of 2nd period - Wrist shot by Mark Stone.
12:12 of 2nd period - Shot Blocked by Mike Sauer.
12:14 of 2nd period - Wrist shot by Evgeny Kuznetsov.
12:14 of 2nd period - Stopped by Jussi Rynnas without a rebound.
12:15 of 2nd period - Tyler Randell wins face-off versus Corban Knight in Demolitions zone.
12:24 of 2nd period - Wrist shot by Matt Calvert.
12:24 of 2nd period - Stopped by Jussi Rynnas without a rebound.
12:25 of 2nd period - Corban Knight wins face-off versus Christian Hanson in Demolitions zone.
12:30 of 2nd period - Slapshot by Tyler Randell.
12:30 of 2nd period - Deflect By Matt Calvert.
12:30 of 2nd period - Shot Misses the Net.
12:30 of 2nd period - Puck is out of play.
12:31 of 2nd period - Evgeny Kuznetsov wins face-off versus Nicolas Blanchard in Demolitions zone.
12:34 of 2nd period - Snap shot by Fedor Fedorov.
12:34 of 2nd period - Shot Misses the Net.
12:42 of 2nd period - Wrist shot by Nicolas Blanchard.
12:42 of 2nd period - Stopped by Marek Schwarz without a rebound.
12:43 of 2nd period - Nicolas Blanchard wins face-off versus Christian Hanson in Patriotes zone.
13:04 of 2nd period - Minor Penalty to Ryan Wilson for Hooking.
13:05 of 2nd period - Nicolas Blanchard wins face-off versus Andrew Gordon in Patriotes zone.
13:18 of 2nd period - Snap shot by Erik Condra.
13:18 of 2nd period - Shot Misses the Net.
13:20 of 2nd period - Snap shot by Andrew Campbell.
13:20 of 2nd period - Shot Misses the Net.
15:04 of 2nd period - Penalty to Ryan Wilson is over, Ryan Wilson is back on ice.
15:09 of 2nd period - Corban Knight is hit by Aaron Ness and loses puck.
15:13 of 2nd period - Icing by Andrew Campbell.
15:14 of 2nd period - Phil McRae wins face-off versus Corban Knight in Demolitions zone.
15:25 of 2nd period - Robert Bortuzzo is hit by Phil McRae and loses puck.
15:32 of 2nd period - Vince Hinostroza is hit by Mike Sauer and loses puck.
16:20 of 2nd period - Wrist shot by Phil McRae.
16:20 of 2nd period - Shot Blocked by Robert Bortuzzo.
16:22 of 2nd period - Slapshot by David Kolomatis.
16:22 of 2nd period - Stopped by Jussi Rynnas without a rebound.
16:23 of 2nd period - Frazer Mclaren wins face-off versus Evgeny Kuznetsov in Demolitions zone.
16:50 of 2nd period - Wrist shot by Matt Calvert.
16:50 of 2nd period - Shot Misses the Net.
18:08 of 2nd period - Wrist shot by Nicolas Blanchard.
18:08 of 2nd period - Shot Misses the Net.
18:10 of 2nd period - Slapshot by Robert Bortuzzo.
18:10 of 2nd period - Stopped by Marek Schwarz without a rebound.
18:11 of 2nd period - Evgeny Kuznetsov wins face-off versus Nicolas Blanchard in Patriotes zone.
18:20 of 2nd period - Snap shot by Evgeny Kuznetsov.
18:20 of 2nd period - Deflect By Mark Stone.
18:20 of 2nd period - Shot Blocked by Mike Sauer.
18:20 of 2nd period - Puck is out of play.
18:21 of 2nd period - Christian Hanson wins face-off versus Nicolas Blanchard in Demolitions zone.
18:28 of 2nd period - Snap shot by Tyler Randell.
18:28 of 2nd period - Shot Misses the Net.
18:30 of 2nd period - Wrist shot by Tyler Randell.
18:30 of 2nd period - Shot Misses the Net.
18:32 of 2nd period - Wrist shot by Christian Hanson.
18:32 of 2nd period - Deflect By Matt Calvert.
18:32 of 2nd period - Shot Misses the Net.
18:32 of 2nd period - Puck is out of play.
18:33 of 2nd period - Evgeny Kuznetsov wins face-off versus Corban Knight in Demolitions zone.
18:54 of 2nd period - Minor Penalty to Corban Knight for Hooking.
18:55 of 2nd period - Christian Hanson wins face-off versus Ryan Bayda in Demolitions zone.
19:52 of 2nd period - Thomas DiPauli is hit by Christian Hanson and loses puck.
Goals for this period are 0 for Patriotes vs 1 for Demolitions.
Shots for this period are 10 for Patriotes vs 7 for Demolitions.
3rd period
0:01 of 3rd period - Ryan Bayda wins face-off versus Christian Hanson in neutral zone.
0:32 of 3rd period - Slapshot by Ryan Wilson.
0:32 of 3rd period - Shot Misses the Net.
0:34 of 3rd period - Wrist shot by Anthony Bitetto.
0:34 of 3rd period - Shot Blocked by Bobby Butler.
0:48 of 3rd period - Wrist shot by Erik Condra.
0:48 of 3rd period - Deflect By Andrew Gordon.
0:48 of 3rd period - Shot Misses the Net.
0:48 of 3rd period - Puck is out of play.
0:49 of 3rd period - Erik Condra wins face-off versus Christian Hanson in Patriotes zone.
0:54 of 3rd period - Penalty to Corban Knight is over, Corban Knight is back on ice.
1:00 of 3rd period - Wrist shot by Corban Knight.
1:00 of 3rd period - Shot Blocked by Timothy Kunes.
1:32 of 3rd period - Slapshot by Ryan Wilson.
1:32 of 3rd period - Stopped by Jussi Rynnas without a rebound.
1:33 of 3rd period - Andrej Nestrasil wins face-off versus Evgeny Kuznetsov in Demolitions zone.
1:58 of 3rd period - Snap shot by Zenon Konopka.
1:58 of 3rd period - Shot Blocked by Mikko Lehtonen.
2:18 of 3rd period - Wrist shot by Mikko Lehtonen.
2:18 of 3rd period - Shot Misses the Net.
2:32 of 3rd period - Wrist shot by Mikko Lehtonen.
2:32 of 3rd period - Deflect By Andrej Nestrasil.
2:32 of 3rd period - Shot Misses the Net.
2:32 of 3rd period - Puck is out of play.
2:33 of 3rd period - Nicolas Blanchard wins face-off versus Evgeny Kuznetsov in Patriotes zone.
3:40 of 3rd period - Snap shot by Andrew Gordon.
3:40 of 3rd period - Stopped by Jussi Rynnas with a rebound.
3:42 of 3rd period - Slapshot by Aaron Ness.
3:42 of 3rd period - Stopped by Jussi Rynnas without a rebound.
3:43 of 3rd period - Nicolas Blanchard wins face-off versus Zenon Konopka in Demolitions zone.
4:13 of 3rd period - Mark Stone is hit by Andrew Campbell and loses puck.
4:36 of 3rd period - Snap shot by Matt Calvert.
4:36 of 3rd period - Stopped by Jussi Rynnas with a rebound.
4:52 of 3rd period - Wrist shot by Emerson Etem.
4:52 of 3rd period - Stopped by Jussi Rynnas with a rebound.
4:54 of 3rd period - Slapshot by Anthony Bitetto.
4:54 of 3rd period - Stopped by Jussi Rynnas with a rebound.
4:56 of 3rd period - Snap shot by Anthony Bitetto.
4:56 of 3rd period - Deflect By Nicolas Blanchard.
4:56 of 3rd period - Stopped by Jussi Rynnas with a rebound.
4:58 of 3rd period - Backhand shot by David Kolomatis.
4:58 of 3rd period - Stopped by Jussi Rynnas with a rebound.
5:32 of 3rd period - Snap shot by Zenon Konopka.
5:32 of 3rd period - Stopped by Jussi Rynnas with a rebound.
5:34 of 3rd period - Slapshot by Aaron Ness.
5:34 of 3rd period - Deflect By Mike Sauer.
5:34 of 3rd period - Stopped by Jussi Rynnas with a rebound.
5:36 of 3rd period - Snap shot by Zenon Konopka.
5:36 of 3rd period - Deflect By Andrew Gordon.
5:36 of 3rd period - Goal by Andrew Gordon - Patriotes : 4 - Demolitions : 2.
5:37 of 3rd period - Corban Knight wins face-off versus Evgeny Kuznetsov in neutral zone.
5:40 of 3rd period - Mark Stone is hit by Robert Bortuzzo and loses puck.
5:47 of 3rd period - Snap shot by Timothy Kunes.
5:47 of 3rd period - Shot Misses the Net.
6:03 of 3rd period - Ryan Wilson is hit by Nicolas Blanchard and loses puck.
6:10 of 3rd period - Nicolas Blanchard is hit by Matt Calvert and loses puck.
6:25 of 3rd period - Slapshot by David Kolomatis.
6:25 of 3rd period - Deflect By Vince Hinostroza.
6:25 of 3rd period - Shot Misses the Net.
6:25 of 3rd period - Puck is out of play.
6:26 of 3rd period - Brandon McMillan wins face-off versus Phil McRae in Demolitions zone.
6:33 of 3rd period - Frazer Mclaren is hit by Anthony Bitetto and loses puck.
6:44 of 3rd period - Vince Hinostroza is hit by Seth Helgeson and loses puck.
7:05 of 3rd period - Wrist shot by Emerson Etem.
7:05 of 3rd period - Shot Misses the Net.
7:24 of 3rd period - Slapshot by Aaron Ness.
7:24 of 3rd period - Stopped by Jussi Rynnas without a rebound.
7:25 of 3rd period - Evgeny Kuznetsov wins face-off versus Nicolas Blanchard in Demolitions zone.
7:50 of 3rd period - Mike Sauer is hit by Tyler Randell and loses puck.
8:13 of 3rd period - Erik Condra is hit by Anthony Bitetto and loses puck.
8:40 of 3rd period - Wrist shot by Christian Hanson.
8:40 of 3rd period - Shot Misses the Net.
8:52 of 3rd period - Wrist shot by Zenon Konopka.
8:52 of 3rd period - Shot Misses the Net.
10:03 of 3rd period - Backhand shot by Fedor Fedorov.
10:03 of 3rd period - Goal by Fedor Fedorov - Patriotes : 5 - Demolitions : 2.
10:04 of 3rd period - Nicolas Blanchard wins face-off versus Evgeny Kuznetsov in neutral zone.
10:07 of 3rd period - Ryan Wilson is hit by Nicolas Blanchard and loses puck.
11:12 of 3rd period - Emerson Etem is hit by Bobby Butler and loses puck.
11:22 of 3rd period - Off-side.
11:23 of 3rd period - Andrej Nestrasil wins face-off versus Evgeny Kuznetsov in neutral zone.
11:25 of 3rd period - Off-side.
11:26 of 3rd period - Evgeny Kuznetsov wins face-off versus Andrej Nestrasil in neutral zone.
11:31 of 3rd period - Snap shot by Fedor Fedorov.
11:31 of 3rd period - Stopped by Jussi Rynnas without a rebound.
11:32 of 3rd period - Evgeny Kuznetsov wins face-off versus Erik Condra in Demolitions zone.
11:59 of 3rd period - Off-side.
12:00 of 3rd period - Christian Hanson wins face-off versus Corban Knight in neutral zone.
12:11 of 3rd period - Tyler Randell is hit by Corban Knight and loses puck.
12:47 of 3rd period - Timothy Kunes is hit by Seth Helgeson and loses puck.
13:08 of 3rd period - Wrist shot by Matt Calvert.
13:08 of 3rd period - Shot Misses the Net.
13:25 of 3rd period - Icing by Seth Helgeson.
13:26 of 3rd period - Evgeny Kuznetsov wins face-off versus Corban Knight in Demolitions zone.
13:29 of 3rd period - Wrist shot by Evgeny Kuznetsov.
13:29 of 3rd period - Stopped by Jussi Rynnas without a rebound.
13:30 of 3rd period - Evgeny Kuznetsov wins face-off versus Bobby Butler in Demolitions zone.
13:45 of 3rd period - Snap shot by Bobby Butler.
13:45 of 3rd period - Stopped by Marek Schwarz without a rebound.
13:46 of 3rd period - Zenon Konopka wins face-off versus Nicolas Blanchard in Patriotes zone.
14:35 of 3rd period - David Kolomatis is hit by Ryan Russell and loses puck.
14:40 of 3rd period - Snap shot by Mikko Lehtonen.
14:40 of 3rd period - Shot Blocked by David Kolomatis.
14:42 of 3rd period - Slapshot by Robert Bortuzzo.
14:42 of 3rd period - Stopped by Marek Schwarz with a rebound.
15:01 of 3rd period - Snap shot by Phil McRae.
15:01 of 3rd period - Shot Blocked by Seth Helgeson.
15:03 of 3rd period - Snap shot by Vince Hinostroza.
15:03 of 3rd period - Goal by Vince Hinostroza - Patriotes : 6 - Demolitions : 2.
15:04 of 3rd period - Nicolas Blanchard wins face-off versus Evgeny Kuznetsov in neutral zone.
15:12 of 3rd period - Wrist shot by Nicolas Blanchard.
15:12 of 3rd period - Goal by Nicolas Blanchard - Patriotes : 6 - Demolitions : 3.
15:13 of 3rd period - Nicolas Blanchard wins face-off versus Evgeny Kuznetsov in neutral zone.
15:16 of 3rd period - Snap shot by Fedor Fedorov.
15:16 of 3rd period - Stopped by Jussi Rynnas without a rebound.
15:17 of 3rd period - Nicolas Blanchard wins face-off versus Evgeny Kuznetsov in Demolitions zone.
15:22 of 3rd period - Snap shot by Mark Stone.
15:22 of 3rd period - Stopped by Jussi Rynnas with a rebound.
15:24 of 3rd period - Snap shot by Fedor Fedorov.
15:24 of 3rd period - Shot Misses the Net.
15:26 of 3rd period - Backhand shot by Mark Stone.
15:26 of 3rd period - Goal by Mark Stone - Patriotes : 7 - Demolitions : 3.
15:27 of 3rd period - Mark Stone wins face-off versus Nicolas Blanchard in neutral zone.
15:30 of 3rd period - Slapshot by Ryan Wilson.
15:30 of 3rd period - Stopped by Jussi Rynnas without a rebound.
15:31 of 3rd period - Nicolas Blanchard wins face-off versus Evgeny Kuznetsov in Demolitions zone.
15:31 of 3rd period - Nicolas Blanchard is hit by Ryan Wilson.
15:41 of 3rd period - Wrist shot by Fedor Fedorov.
15:41 of 3rd period - Shot Misses the Net.
15:43 of 3rd period - Backhand shot by Fedor Fedorov.
15:43 of 3rd period - Stopped by Jussi Rynnas with a rebound.
15:45 of 3rd period - Wrist shot by Fedor Fedorov.
15:45 of 3rd period - Stopped by Jussi Rynnas with a rebound.
16:02 of 3rd period - Off-side.
16:03 of 3rd period - Christian Hanson wins face-off versus Nicolas Blanchard in neutral zone.
16:21 of 3rd period - Minor Penalty to Tyler Randell for Hooking.
16:22 of 3rd period - Andrew Gordon wins face-off versus Bobby Butler in Patriotes zone.
16:32 of 3rd period - Slapshot by Andrew Campbell.
16:32 of 3rd period - Shot Misses the Net.
16:34 of 3rd period - Wrist shot by Erik Condra.
16:34 of 3rd period - Goal by Erik Condra - Patriotes : 7 - Demolitions : 4.
16:35 of 3rd period - Bobby Butler wins face-off versus Evgeny Kuznetsov in neutral zone.
16:35 of 3rd period - Andrew Campbell is hit by Mark Stone and loses puck.
17:23 of 3rd period - Wrist shot by Aaron Palushaj.
17:23 of 3rd period - Shot Misses the Net.
17:51 of 3rd period - Snap shot by Ryan Russell.
17:51 of 3rd period - Stopped by Marek Schwarz with a rebound.
18:03 of 3rd period - Wrist shot by Bobby Butler.
18:03 of 3rd period - Stopped by Marek Schwarz without a rebound.
18:04 of 3rd period - Erik Condra wins face-off versus Evgeny Kuznetsov in Patriotes zone.
18:05 of 3rd period - Snap shot by Nicolas Blanchard.
18:05 of 3rd period - Shot Blocked by Evgeny Kuznetsov.
18:07 of 3rd period - Minor Penalty to Ryan Wilson for Slashing.
18:08 of 3rd period - Andrew Gordon wins face-off versus Nicolas Blanchard in Patriotes zone.
19:50 of 3rd period - Robert Bortuzzo is hit by Matt Calvert and loses puck.
Goals for this period are 4 for Patriotes vs 2 for Demolitions.
Shots for this period are 22 for Patriotes vs 6 for Demolitions.
Back to the Top